 Dungeon Crawl Stone Soup version 0.25-a0-42-g6c54e25894 (webtiles) character file.

Game seed: 3811687554429115651, levelgen mode: deterministic

71 Gumption the Grave Robber (level 4, -4/30 HPs)
             Began as a Human Necromancer on Oct 23, 2019.
             Slain by Natasha (9 damage)
             ... on level 2 of the Dungeon.
             The game lasted 00:28:55 (2602 turns).

Gumption the Grave Robber (Human Necromancer)       Turns: 2602, Time: 00:28:56

Health: -4/30      AC:  3    Str:  8    XL:     4   Next: 47%
Magic:  0/8        EV: 12    Int: 16    God:
Gold:   63         SH:  0    Dex: 14    Spells: 0/8 levels left

rFire    . . .     SeeInvis .   a - staff of death
rCold    . . .     Gourm    .   (no shield)
rNeg     + . .     Faith    .   r - +0 leather armour
rPois    .         Spirit   .   (no helmet)
rElec    .         Reflect  .   (no cloak)
rCorr    .         Harm     .   (no gloves)
MR       .....                  (no boots)
Stlth    ++........             (no amulet)
HPRegen  0.10/turn              (no ring)
MPRegen  0.11/turn              (no ring)

@: very slightly contaminated
A: no striking features
a: no special abilities


You were on level 2 of the Dungeon.
You were not hungry.

You visited 1 branch of the dungeon, and saw 2 of its levels.

You collected 63 gold pieces.

Inventory:

Hand Weapons
 t - a +0 dagger
Missiles
 b - 66 stones (quivered)
 g - 6 poisoned darts
 j - 39 sling bullets
Armour
 r - a +0 leather armour (worn)
Magical Staves
 a - an uncursed staff of death (weapon)
Jewellery
 l - a cursed -3 ring of strength {unknown}
 p - an uncursed ring of protection from fire {unknown}
Wands
 o - a wand of flame (15)
Scrolls
 d - a scroll of remove curse {unknown}
 f - 2 scrolls of identify {unknown}
 h - 2 scrolls of enchant armour {unknown}
 i - a scroll of teleportation {unknown}
 k - a scroll of magic mapping {unknown}
 q - a scroll of blinking {unknown}
 u - a scroll of immolation {unknown}
Potions
 c - a potion of cancellation {unknown}
 m - a potion of brilliance {unknown}
 n - a potion of haste {unknown}
 s - 3 potions of curing {unknown}
 w - a potion of resistance {unknown}
Comestibles
 e - 5 rations
 v - 3 chunks of flesh


   Skills:
 - Level 2.0 Dodging
 - Level 2.0 Stealth
 + Level 2.7 Spellcasting
 + Level 0.4 Charms
 * Level 5.1 Necromancy


You couldn't memorise any spells.
You knew the following spells:

 Your Spells              Type           Power        Failure   Level  Hunger
a - Pain                  Necr           ####         3%          1    #......
b - Animate Skeleton      Necr           N/A          3%          1    #......
c - Vampiric Draining     Necr           ####......   10%         3    ###....
z - Regeneration          Chrm/Necr      ###.......   26%         3    ###....

Your spell library contained the following spells:

 Spells                   Type           Power        Failure   Level  Hunger
 Animate Dead             Necr           N/A          32%         4    #####..


Dungeon Overview and Level Annotations

Branches:
Dungeon (2/15)

Altars:

Annotations:
D:2 Natasha


Message History

Press: ? - help, Shift-Dir - straight line, f/p - Natasha
Aim: Natasha (heavily wounded, chance to defeat MR: 84%)
You feel a surge of power!
Natasha barely resists.
Natasha claws you.
* * * LOW HITPOINT WARNING * * *
Casting: Pain (safe; 3% risk of failure)
Confirm with . or Enter, or press ? or * to list all spells.
Aiming: Pain (safe; 3% risk of failure)
Press: ? - help, Shift-Dir - straight line, f/p - Natasha
Aim: Natasha (heavily wounded, chance to defeat MR: 84%)
You feel a surge of power!
Natasha writhes in agony.
Natasha closely misses you.
Casting: Pain (safe; 3% risk of failure)
Confirm with . or Enter, or press ? or * to list all spells.
Aiming: Pain (safe; 3% risk of failure)
Press: ? - help, Shift-Dir - straight line, f/p - Natasha
Aim: Natasha (heavily wounded, chance to defeat MR: 84%)
You feel a surge of power!
Natasha writhes in agony!
The crimson imp disappears in a puff of smoke!
Natasha claws you!
You die...

#.....##.#########.##.#
#........5.h...# #.##.#
#.(.####.#####.# #.##.#
###...# #.# #.# #.##.#
#....$# #.# #ยง# #.##.#
#.#..#####.# #.# #.##.#
####### #Z#........# #.#
#.##.# #......
#.#........# #h#
#.##.###.#####
.Z.#..###### #@#
#........##### ...#..#
#.# ##...........>
...#..##########.#
#.#.####.....
#.##.............# #.#.#
#.####
#.###.#########.#####.#.#
#.#### #.#
#....Z.Z..........#.#
#.....
#.###########.....#####.#
#.####
.....ZZ.................#
#.# #
#.###########.....######
#.# #


You could see Natasha.

Vanquished Creatures
  A gnoll (D:1)
  2 adders (D:2)
  A worm (D:2)
  A dart slug (D:2)
  5 bats
  8 goblins
  3 hobgoblins
  4 jackals (D:2)
  3 kobolds
  A quokka (D:2)
  A ball python (D:1)
  A ball python skeleton (D:2)
  4 frilled lizards
  3 rats (D:1)
38 creatures vanquished.

Vanquished Creatures (collateral kills)
  2 goblins (D:1)
2 creatures vanquished.

Grand Total: 40 creatures vanquished

Notes
Turn   | Place    | Note
-------+----------+-------------------------------------------
     0 | D:1      | Gumption the Human Necromancer began the quest for the Orb.
     0 | D:1      | Reached XP level 1. HP: 13/13 MP: 3/3
     2 | D:1      | Learned a level 1 spell: Animate Skeleton
   251 | D:1      | Reached XP level 2. HP: 8/19 MP: 1/5
   791 | D:1      | Reached XP level 3. HP: 24/24 MP: 4/6
   796 | D:1      | Learned a level 3 spell: Vampiric Draining
  2035 | D:2      | Reached XP level 4. HP: 18/30 MP: 0/7
  2040 | D:2      | Learned a level 3 spell: Regeneration
  2187 | D:2      | Reached skill level 5 in Necromancy
  2517 | D:2      | Noticed Natasha
  2602 | D:2      | Slain by Natasha

Levels and vault maps discovered:
D:1:      evilmike_arrival_fibonacci_small, layout_basic
D:2:      layout_loops_ring, uniq_natasha

Skill      XL: |  1  2  3  4 |
---------------+-------------+-----
Necromancy     | 5 |  5.1
Dodging        | |  2.0
Stealth        | |  2.0
Spellcasting   | |  2.7
Charms         | |  0.4

Action                   |  1- 3 |  4- 6 || total
-------------------------+-------+-------++-------
Melee: Dagger            |    24 |       ||    24
       Staff             |       |     2 ||     2
Throw: Stone             |    15 |     3 ||    18
 Cast: Pain              |    56 |    25 ||    81
       Animate Skeleton  |    17 |     5 ||    22
Evoke: Wand              |     3 |       ||     3
  Eat: Chunk             |     4 |     2 ||     6
Armor: Leather armour    |    11 |     1 ||    12
       Robe              |     8 |       ||     8
Dodge: Dodged            |    38 |     6 ||    44

Table legend:
 A = Non-vault XP
 B = Vault XP
 C = Vault XP percentage of total XP
 D = Non-vault monster count
 E = Vault monster count
 F = Vault count percentage of total count
                 A         B        C        D         E       F
            +---------+---------+-------+---------+---------+-------
      Total |     102 |       0 |   0.0 |      40 |       0 |   0.0
            +---------+---------+-------+---------+---------+-------
        D:1 |      40 |       0 |   0.0 |      20 |       0 |   0.0
        D:2 |      62 |       0 |   0.0 |      20 |       0 |   0.0
            +---------+---------+-------+---------+---------+-------
